 Dungeon Crawl Stone Soup version 0.31.0-32-g396128a36d (webtiles) character file.

Game seed: 18248311727189256863

633001 CrazyMind the Archmage (level 27, -16/160 HPs)
             Began as a Deep Elf Conjurer on Mar 19, 2024.
             Was an Initiate of Gozag.
             Killed from afar by an ancient lich (69 damage)
             ... with a crystal spear
             ... on level 5 of the Realm of Zot on Apr 14, 2024.
             The game lasted 10:59:01 (133864 turns).

CrazyMind the Archmage (Deep Elf Conjurer)        Turns: 133864, Time: 10:59:01

Health: -16/160    AC: 13    Str:  8 (9)  XL:     27
Magic:  54/56      EV: 18    Int: 45      God:    Gozag
Gold:   6358       SH: 15    Dex: 13      Spells: 1/80 levels left

rFire   + . .        N - staff "Omaulyho" {rElec rC+ Int+3 Ice}
rCold   + . .        b - +2 kite shield {reflect}
rNeg    + + .        U - +2 leather armour {rF+}
rPois   +            Z - +1 helmet {SInv}
rElec   +            l - +0 cloak {rPois}
rCorr   .            R - +0 pair of gloves "Ciagrotu" {rN+}
SInv    +            m - +1 pair of boots
Will    +++++        W - amulet of the Four Winds {rN+ Will+++ Clar}
Stlth   +++++        B - ring of wizardry
HPRegen 0.46/turn    t - ring "Ycwergheck" {Str+3 Int+6}
MPRegen 0.35/turn

%: reflection, clarity, wizardry (x1)
@: about to teleport, studying Long Blades, bribing [the Realm of Zot]
A: berserk 2, deformed body, deterioration 2
}: 3/15 runes: decaying, serpentine, silver
a: Renounce Religion, Potion Petition, Call Merchant, Bribe Branch


You were on level 5 of the Realm of Zot.
You worshipped Gozag.
Gozag was greatly pleased with you.
You visited 11 branches of the dungeon, and saw 51 of its levels.
You visited 1 bazaar.
You also visited: Bailey and Volcano.

You collected 28836 gold pieces.
You spent 7402 gold pieces at shops.
You paid 15076 gold pieces to Gozag.

Inventory:

Missiles
 d - 15 atropa-tipped darts
 f - 63 poisoned darts
 n - 46 boomerangs (quivered)
 s - a throwing net
 J - 12 curare-tipped darts
 V - 6 silver javelins
Armour
 b - a +2 kite shield of reflection (worn)
 l - a +0 cloak of poison resistance (worn)
 m - a +1 pair of boots (worn)
 R - the +0 pair of gloves "Ciagrotu" (worn) {rN+}
   (You took it off Nikola on level 3 of the Lair of Beasts)

   rN+:       It protects you from negative energy.
 U - a +2 leather armour of fire resistance (worn)
 Z - a +1 helmet of see invisible (worn)
Magical Staves
 a - the staff of the Red Skies {rF+ rC+ rCorr Dex+2 Tloc Fire}
   (You acquired it on level 3 of the Lair of Beasts)

   [staff of fire]

   Base accuracy: +5 Base damage: 5 Base attack delay: 1.2 This weapon's minimum
   attack delay (0.6) is reached at skill level 12.
   Dex+2:     It affects your dexterity (+2).
   rF+:       It protects you from fire.
   rC+:       It protects you from cold.
   rCorr:     It protects you from acid and corrosion.
   Tloc:      It increases the power of your Translocations spells.
   Fire:      It increases the power of your Fire spells.
   It falls into the 'Staves' category.
   It is a one-handed weapon.
 N - the staff "Omaulyho" (weapon) {rElec rC+ Int+3 Ice}
   (You acquired it on level 11 of the Dungeon)

   [staff of cold]

   Base accuracy: +5 Base damage: 5 Base attack delay: 1.2 This weapon's minimum
   attack delay (0.6) is reached at skill level 12.
   Int+3:     It affects your intelligence (+3).
   rC+:       It protects you from cold.
   rElec:     It insulates you from electricity.
   Ice:       It increases the power of your Ice spells.
   It falls into the 'Staves' category.
   It is a one-handed weapon.
Jewellery
 t - the ring "Ycwergheck" (right hand) {Str+3 Int+6}
   (You took it off a skeletal warrior on level 10 of the Dungeon)

   [ring of intelligence]

   Str+3:     It affects your strength (+3).
   Int+6:     It affects your intelligence (+6).
 y - a ring of flight
 B - a ring of wizardry (left hand)
 E - a ring of protection from fire
 L - the ring of Xom's Condemnation {rN+ Str+3 Int+2 Stlth-}
   (You took it off a tengu warrior on level 10 of the Dungeon)

   [ring of positive energy]

   Str+3:     It affects your strength (+3).
   Int+2:     It affects your intelligence (+2).
   rN+:       It protects you from negative energy.
   Stlth-:    It makes you less stealthy.
 W - the amulet of the Four Winds (around neck) {rN+ Will+++ Clar}
   (You took it off a deep elf sorcerer on level 3 of the Elven Halls)

   [amulet of nothing]

   rN+:       It protects you from negative energy.
   Will+++:   It greatly increases your willpower.
   Clar:      It protects you from confusion, rage, mesmerisation and fear.
 X - the ring of Raelim {rPois rC+}
   (You found it on level 5 of the Vaults)

   [ring of poison resistance]

   rC+:       It protects you from cold.
   rPois:     It protects you from poison
Wands
 e - a wand of digging (14)
 j - a wand of mindburst (35)
 k - a wand of iceblast (80)
 u - a wand of polymorph (32)
 C - a wand of light (35)
 K - a wand of paralysis (48)
Scrolls
 i - 6 scrolls of fear
 r - 21 scrolls of teleportation
 x - 5 scrolls of blinking
 z - 4 scrolls of vulnerability
 F - 12 scrolls of fog
 G - 3 scrolls of silence
Potions
 c - 11 potions of magic
 g - a potion of cancellation
 h - 34 potions of curing
 o - 3 potions of heal wounds
 q - 7 potions of enlightenment
 w - 5 potions of ambrosia
 A - 14 potions of might
 D - 3 potions of brilliance
 H - 11 potions of mutation
 I - 3 potions of haste
 O - a potion of invisibility
 T - 3 potions of resistance
Miscellaneous
 v - a box of beasts (inert)
 M - a tin of tremorstones (2/2)
 P - a phial of floods
 S - a lightning rod (4/4)
 Y - a phantom mirror


   Skills:
 * Level 13.4 Fighting
 + Level 11.2 Armour
 * Level 18.6 Dodging
 - Level 12.6 Stealth
 * Level 14.8 Shields
 O Level 27 Spellcasting
 + Level 19.7 Conjurations
 + Level 5.1 Hexes
 + Level 9.8 Summonings
 + Level 8.5 Translocations
 + Level 21.4 Fire Magic
 + Level 9.3 Ice Magic
 * Level 16.3 Air Magic
 + Level 6.4 Alchemy
 + Level 1.4 Evocations


You had one spell level left.
You knew the following spells:

 Your Spells              Type           Power      Damage    Failure   Level
a - Magic Dart            Conj           100%       1d8       0%          1
b - Yara's Violent Unrav  Hex/Alch       42%        3d17      1%          5
c - Fulminant Prism       Conj/Alch      54%        3d23      1%          4
d - Iskenderun's Mystic   Conj/Tloc      100%       2d19      0%          4
e - Fireball              Conj/Fire      64%        3d24      0%          5
f - Freezing Cloud        Conj/Ice/Air   69%        6-21      1%          5
g - Apportation           Tloc           100%       N/A       0%          1
i - Blink                 Tloc           100%       N/A       1%          2
j - Mephitic Cloud        Conj/Alch/Air  100%       N/A       0%          3
k - Airstrike             Air            59%        2d(9-25)  0%          4
l - Swiftness             Air            100%       N/A       0%          3
m - Maxwell's Capacitive  Air            59%        ∞         2%          8
n - Plasma Beam           Fire/Air       62%        2x1d78    1%          6
o - Spellforged Servitor  Conj/Summ      57%        N/A       1%          7
p - Ignition              Fire           65%        3d17      1%          8
q - Summon Cactus Giant   Summ           49%        N/A       1%          6
r - Orb of Destruction    Conj           63%        9d15      1%          7

Your spell library contained the following spells:

 Spells                   Type           Power      Damage    Failure   Level
 Foxfire                  Conj/Fire      100%       2x1d9     0%          1
 Kiss of Death            Conj/Necr      100%       2d13      0%          1
 Shock                    Conj/Air       100%       1d9       0%          1
 Sting                    Conj/Alch      100%       1d9       0%          1
 Summon Small Mammal      Summ           100%       N/A       0%          1
 Necrotise                Necr           100%       1d9       1%          1
 Sandblast                Erth           100%       2d20      1%          1
 Slow                     Hex            100%       N/A       1%          1
 Mercury Vapours          Alch/Air       100%       N/A       0%          2
 Momentum Strike          Conj/Tloc      100%       3d10      0%          2
 Scorch                   Fire           100%       2d9       0%          2
 Searing Ray              Conj           100%       2d8       0%          2
 Static Discharge         Conj/Air       100%       3-8/arc   0%          2
 Dazzling Flash           Conj/Hex       100%       N/A       0%          3
 Hailstorm                Conj/Ice       100%       3d16      0%          3
 Inner Flame              Hex/Fire       100%       N/A       0%          3
 Volatile Blastmotes      Fire/Tloc      100%       2d18      0%          3
 Flame Wave               Conj/Fire      100%       2d21      0%          4
 Ignite Poison            Fire/Alch      100%       N/A       0%          4
 Sticky Flame             Fire/Alch      100%       2d15      0%          4
 Summon Blazeheart Golem  Fire/Summ      100%       N/A       0%          4
 Arcjolt                  Conj/Air       61%        1d71      0%          5
 Iskenderun's Battlesphe  Conj           100%       2d15      0%          5
 Starburst                Conj/Fire      64%        6d17      0%          6
 Cigotuvi's Dreadful Rot  Necr/Alch/Air  100%       N/A       1%          2
 Ensorcelled Hibernation  Hex/Ice        100%       N/A       1%          2
 Jinxbite                 Hex            100%       N/A       1%          2
 Lesser Beckoning         Tloc           100%       N/A       1%          2
 Sublimation of Blood     Necr           57%        N/A       1%          2
 Confusing Touch          Hex            82%        N/A       1%          3
 Gell's Gravitas          Tloc           95%        N/A       1%          3
 Ozocubu's Armour         Ice            100%       N/A       1%          3
 Passwall                 Erth           57%        N/A       1%          3
 Stone Arrow              Conj/Erth      100%       3d13      1%          3
 Teleport Other           Tloc           95%        N/A       1%          3
 Tukima's Dance           Hex            82%        N/A       1%          3
 Brom's Barrelling Bould  Conj/Erth      99%        2d11      1%          4
 Cause Fear               Hex            41%        N/A       1%          4
 Dimensional Bullseye     Hex/Tloc       44%        N/A       1%          4
 Leda's Liquefaction      Alch/Erth      37%        N/A       1%          4
 Martyr's Knell           Necr/Summ      81%        N/A       1%          4
 Olgreb's Toxic Radiance  Alch           87%        N/A       1%          4
 Passage of Golubria      Tloc           95%        N/A       1%          4
 Summon Lightning Spire   Summ/Air       100%       N/A       1%          4
 Vhi's Electric Charge    Tloc/Air       100%       N/A       1%          4
 Metabolic Englaciation   Hex/Ice        56%        N/A       1%          5
 Bombard                  Conj/Erth      49%        9d8       1%          6
 Conjure Ball Lightning   Conj/Air       61%        3x3d22    1%          6
 Dispersal                Tloc           47%        N/A       1%          6
 Sculpt Simulacrum        Ice/Alch       57%        N/A       1%          6
 Dispel Undead            Necr           57%        3d20      2%          4
 Malign Gateway           Summ/Tloc      48%        N/A       6%          7
 Fire Storm               Conj/Fire      64%        8d16      6%          9
 Borgnjor's Vile Clutch   Necr/Erth      28%        N/A       8%          5
 Lee's Rapid Deconstruct  Erth           28%        3d15*     8%          5
 Chain Lightning          Conj/Air       61%        3d81      16%         9
 Summon Horrible Things   Summ           49%        N/A       32%         8
 Death Channel            Necr           28%        N/A       38%         6
 Discord                  Hex            41%        N/A       89%         8
 Dragon's Call            Summ           49%        N/A       99%         9
 Infestation              Necr           28%        N/A       100%        8
 Shatter                  Erth           28%        3d24*     100%        9


Dungeon Overview and Level Annotations

Branches:
Dungeon (15/15) Zot: 20911  Temple (1/1) D:5 Zot: 5998    Lair (5/5) D:10 Zot: 17187
  Swamp (4/4) Lair:3 Zot: 17869   Snake (4/4) Lair:3 Zot: 10862   Slime (0/5) Lair:5
    Orc (2/2) D:10 Zot: 7354     Elf (3/3) Orc:2 Zot: 8025  Vaults (5/5) D:14 Zot: 13025
  Crypt (3/3) Vaults:3 Zot: 9376    Tomb (0/3) Crypt:3      Depths (4/4) D:15 Zot: 10074
    Zot (5/5) Depths:4 Zot: 14624  Bailey (visited)         Volcano (visited)

Altars:
Ashenzari
Cheibriados
Dithmenos
Elyvilon
Fedhas
Gozag
Hepliaklqana
Kikubaaqudgha
Makhleb
Nemelex Xobeh
Okawaru
Qazlal
Ru
Sif Muna
Trog
Uskayaw
Vehumet
Wu Jian
Xom
Yredelemnul
Zin
The Shining One
Jiyva
Lugonu

Shops:
D:5 =   D:6 =:?   D:11 ?   D:12 =   Orc:1 (   Orc:2 [:*(*   Elf:1 (   Elf:3 =
Lair:1 =   Snake:1 :=:   Snake:2 *[![   Snake:3 :   Depths:2 (   Depths:4 *

Portals:
Hell: Depths:1 Depths:2 Depths:3 Depths:4
Abyss: Depths:3
Pandemonium: Depths:2 Depths:4
Ziggurat: Depths:4

Annotations:
Elf:2 1 runed translucent door
Vaults:1 1 runed translucent door, AlexRAT's ghost, adept MiBe
Zot:1 1 transporter
Zot:4 2 transporters, exclusion: obsidian statue


Innate Abilities, Weirdness & Mutations

You have an uncontrollable temper.
Armour fits poorly on your strangely shaped body.
Your body often deteriorates upon taking damage.


Message History

The Orb Guardian is distracted by your dazzling golden aura.
You see here 49 gold pieces.
The Killer Klown drops a net on you.
You become entangled in the net!
Things that are here:
21 gold pieces; a throwing net You tear a large gash into the net.
The ancient lich gestures wildly while chanting.
The ancient lich seems to speed up.
You struggle against the net.
The Orb Guardian is no longer distracted by gold.
Magic scrolls do not work when you're silenced!
Unknown command.
You feel much better.
The power of Zot is invoked against you!
Your willpower is stripped away!
The Killer Klown blinks!
Your magical effects are unravelling.
You feel magically purged.
You feel yourself slow down.
You feel a little less clever now.
Your hearing returns.
You feel your willpower return.
The Killer Klown is distracted by your dazzling golden aura.
You hear a loud "Zot"!
Casting: Maxwell's Capacitive Coupling (dangerous; 2% risk of failure)
Confirm with . or Enter, or press ? or * to list all spells.
You blink.
Your Orb Guardian grins greedily, jangling a coin purse.
An Orb Guardian comes into view.
The Killer Klown shouts!
The white draconian breathes frost at you.
The blast of cold misses you.
As you read the scroll of teleportation, it crumbles to dust.
You feel strangely unstable.
You feel the Orb delaying your translocation!
The Killer Klown is no longer distracted by gold.
The Orb Guardian fails to trigger a net trap.
The Killer Klown blinks!
You feel ready to blink again.
The ancient lich gestures at you while chanting.
The crystal spear hits you!!!
You die...
Your body crumbles into a pile of gold.

#.......# #.# #..#....#...
#....#..# #.# #..##..###..
▓▓################▓▓▓▓#####
**.^............## #....
**,...............## ##...
**,,................#* #...
*,,,..........^......# ##..
*,,,............§....# #..
*,,,.......@.........# ##..
*,,,..........X^.....# #...
*,,,^.........L...^..# ##...
*,,,............^p...###)...
**,,...........d....###...##
**,..............$##....##
**..[.......(..^.$^..###
*▓....^##▓▓▓▓▓▓▓▓▓▓▓#
**,.....,,,,,,,,,****


You could see a Killer Klown, an ancient lich (fast), a white draconian
(catching breath) and an Orb Guardian.

Vanquished Creatures
  2 dread liches
  Frederick (Depths:3)
  4 orbs of fire
  Tiamat (Zot:4)
  3 ancient liches
  Mennas (Depths:3)
  Mara (Vaults:5)
  Vv (Zot:4)
  Sojobo (Vaults:4)
  Margery (Vaults:4)
  5 Killer Klowns
  4 curse toes
  5 caustic shrikes (Depths:4)
  A profane servitor (Crypt:3)
  4 golden dragons
  Nikola (Lair:3)
  the Enchantress (Depths:3)
  4 electric golems
  A Brimstone Fiend (Zot:5)
  2 bone dragons
  2 doom hounds (Crypt:2)
  12 tentacled monstrosities
  Jorgrun (Orc:2)
  8 Orb Guardians (Zot:5)
  Rupert (Orc:2)
  8 liches
  6 titans
  A shard shrike skeleton (Crypt:3)
  Asterion (Depths:2)
  7 quicksilver dragons
  2 deep elf master archers (Elf:3)
  2 sphinxes
  Grunn (Crypt:2)
  5 deep elf blademasters
  6 death cobs
  4 tengu reavers
  9 ancient champions
  Aizul (Swamp:1)
  12 shadow dragons
  Kirke (D:14)
  3 thorn hunters
  13 storm dragons
  2 revenants
  6 nagarajas (Snake:4)
  4 protean progenitors
  3 draconian monks
  Donald (Swamp:3)
  A daeva (Depths:4)
  A fenstrider witch (Swamp:1)
  5 draconian knights
  Roxanne (Swamp:1)
  3 deep elf sorcerers (Elf:3)
  2 iron dragons
  8 draconian scorchers
  6 draconian shifters
  14 vault wardens
  4 deep elf elementalists (Elf:3)
  10 fire giants
  2 balrugs
  2 curse skulls
  Louise (D:14)
  9 frost giants
  3 ghost moths
  An angel (Depths:4)
  9 ghouls
  5 draconian stormcallers
  4 formless jellyfish
  2 orc warlords
  24 stone giants
  8 draconian annihilators
  4 spriggan defenders
  11 ironbound preservers
  5 ironbound thunderhulks
  8 very ugly things
  9 vampire knights
  A reaper (Crypt:2)
  7 deep elf demonologists
  14 deep elf death magi
  A rockslime zombie (Crypt:1)
  5 green draconians
  10 black draconians
  Nessos (Orc:2)
  18 red draconians
  10 yellow draconians
  12 purple draconians
  7 eleionomae
  10 dire elephants
  12 spark wasps
  A bunyip (Swamp:1)
  5 war gargoyles
  A lorocyproca (Depths:4)
  5 deep elf annihilators (Elf:3)
  12 white draconians
  4 eidola
  Snorg (D:13)
  A green death (Depths:4)
  12 ettins
  2 crystal guardians (Vaults:2)
  11 fire dragons
  An entropy weaver (Vaults:4)
  9 deep elf high priests
  15 yaktaur captains
  16 jiangshi
  4 great orbs of eyes
  Fannar (D:10)
  3 ogre magi
  18 hydras
  Erolcha (D:11)
  2 spriggan zombies
  3 peacekeepers (Vaults:2)
  2 salamander tyrants
  11 ice dragons
  2 jorogumos (Zot:1)
  33 vault guards
  6 ironbound frosthearts
  Erica (D:11)
  4 spriggan air magi
  3 alligators (Swamp:4)
  2 ghost crabs (Swamp:4)
  4 rakshasas
  2 catoblepae
  19 centaur warriors
  10 anacondas
  37 dancing weapons
  A fenstrider witch skeleton (Crypt:1)
  2 boulder beetles
  12 naga warriors
  2 death knights (Vaults:3)
  13 two-headed ogres
  7 tengu warriors
  10 deep troll shamans
  2 shock serpents
  10 vampire magi
  2 spectral storm dragons (Crypt:3)
  6 spriggan berserkers
  8 orc high priests
  18 death yaks
  3 soul eaters
  A quicksilver ooze zombie (Crypt:2)
  8 deep troll earth magi
  A shock serpent (shapeshifter) (Vaults:5)
  An occultist (Depths:2)
  12 hell knights
  11 deep elf knights
  A sun demon (Orc:2)
  12 naga sharpshooters
  Nergalle (D:11)
  A sixfirhy (Depths:4)
  A titan skeleton (Depths:3)
  4 skysharks
  12 iron trolls
  5 shadow wraiths
  2 anaconda zombies (Crypt:3)
  2 salamander mystics
  A bunyip zombie (Crypt:2)
  4 sea snakes (Snake:1)
  26 skeletal warriors
  66 deep trolls
  A snapping turtle (shapeshifter) (Depths:4)
  A sea snake (shapeshifter) (Vaults:5)
  11 mana vipers
  6 spriggan druids
  3 glowing orange brains
  7 goliath frogs
  9 flayed ghosts
  Pikel (D:5)
  8 ironbound convokers
  8 naga ritualists
  10 swamp dragons
  7 bog bodies
  8 arcanists
  7 necromancers
  24 phantasmal warriors
  23 deep elf zephyrmancers
  A lindwurm (shapeshifter) (Vaults:4)
  An oklob plant (Lair:4)
  17 orc knights
  15 deep elf archers
  A glowing shapeshifter (Vaults:5)
  5 lindwurms
  3 manticores
  3 orc sorcerers
  A spectral ice dragon (Crypt:3)
  A shadow dragon skeleton (Crypt:2)
  27 deep elf pyromancers
  3 will-o-the-wisps
  2 fauns (shapeshifter)
  39 ugly things
  4 cyclopes
  A spectral fire dragon (Crypt:3)
  A moth of wrath (shapeshifter) (Vaults:5)
  21 elephants
  13 moths of wrath
  2 stone giant skeletons (Crypt:3)
  2 alligator skeletons (Volcano)
  13 salamanders
  35 black mambas
  A fire giant skeleton (Crypt:3)
  18 vault sentinels
  16 guardian serpents
  11 naga magi
  24 cane toads
  3 orange demons (D:15)
  A shock serpent skeleton (Crypt:3)
  An eye of devastation (shapeshifter) (D:15)
  2 smoke demons (Depths:3)
  5 gargoyles
  A purple draconian zombie (Crypt:1)
  A torpor snail (Lair:2)
  A cane toad (shapeshifter) (Vaults:5)
  A rime drake (shapeshifter) (Depths:2)
  2 kobold demonologists (D:10)
  2 rime drakes
  29 yaktaurs
  3 unseen horrors
  A centaur skeleton (Crypt:2)
  A green draconian zombie (Crypt:3)
  A grey draconian skeleton (Crypt:2)
  An efreet (D:14)
  A white draconian skeleton (Crypt:2)
  10 komodo dragons
  2 tengu conjurers
  A black draconian skeleton (Crypt:1)
  5 freezing wraiths
  A harpy zombie (Crypt:3)
  7 guardian mummies
  2 queen bees (shapeshifter)
  A bloated husk (Swamp:3)
  4 trolls
  2 polar bears
  9 hornets
  8 tyrant leeches
  4 dream sheep (Lair:4)
  3 harpy skeletons
  A fire dragon zombie (Crypt:1)
  A snapping turtle (Zot:2)
  A death drake zombie (Crypt:1)
  An ice dragon zombie (Crypt:1)
  A boulder beetle zombie (Crypt:3)
  A guardian serpent zombie (Crypt:2)
  9 slime creatures
  30 blink frogs
  2 centaur simulacra
  9 spriggans
  5 vampires
  Sigmund (D:4)
  An air elemental (Elf:1)
  3 shadows
  31 yaks
  2 water elementals
  2 wraiths (Crypt:1)
  3 wyverns
  9 fire elementals
  2 hogs (D:14)
  A human (D:14)
  5 wargs
  4 basilisks
  2 steam dragons
  A warg (shapeshifter) (Elf:2)
  A redback (Vaults:4)
  26 vampire mosquitoes
  Edmund (D:5)
  8 water moccasins
  41 nagas
  14 swamp worms
  3 acid dragons
  A demonspawn skeleton (Crypt:1)
  5 hell hounds (Orc:2)
  43 orc warriors
  An ice beast (D:6)
  A sky beast (D:7)
  A water nymph skeleton (Crypt:2)
  9 swamp drakes
  A black bear (D:4)
  18 laughing skulls
  5 boggarts (Vaults:1)
  19 wolves
  6 ogres
  7 centaurs
  A torpor snail zombie (Crypt:3)
  8 kobold brigands
  2 phantoms
  21 bullfrogs
  A weeping skull (Volcano)
  A glowing shapeshifter simulacrum (Depths:3)
  2 gnoll sergeants
  6 earth elementals
  2 necrophages (Crypt:3)
  7 scorpions
  11 wights
  3 killer bees (D:8)
  2 spriggan skeletons
  A shapeshifter skeleton (Crypt:2)
  2 vampire bats (D:9)
  9 howler monkeys
  3 electric eels
  A troll skeleton (Volcano)
  A bullfrog zombie (Crypt:3)
  4 bombardier beetles
  7 jellies
  37 orc priests
  2 hounds
  Crazy Yiuf (D:2)
  A human zombie (Crypt:1)
  A human skeleton (Crypt:1)
  A gnoll bouda (Lair:2)
  Natasha (thrice) (D:2)
  6 iguanas
  17 orc wizards
  An acid dragon skeleton (Crypt:1)
  A naga skeleton (Volcano)
  14 mummies
  8 gnolls
  11 adders
  2 shadow imps
  2 white imps
  6 ufetubi
  A lava snake zombie (Crypt:1)
  2 dart slugs
  3 ribbon worms (D:3)
  77 orcs
  10 endoplasms
  7 giant cockroaches
  5 goblins
  12 hobgoblins
  35 kobolds
  A quokka (D:1)
  9 ball pythons
  A ball python skeleton (Crypt:2)
  13 bats
  4 frilled lizards
  A quokka skeleton (Crypt:2)
  12 rats
  2 aspiring fleshes (Zot:2)
  A fulminant prism (D:9)
2243 creatures vanquished.

Vanquished Creatures (collateral kills)
  Vashnia (Snake:4)
  2 golden dragons
  Jory (Vaults:5)
  7 tentacled monstrosities
  A quicksilver dragon (Vaults:5)
  A searing wretch (Vaults:4)
  3 shadow dragons
  A death cob (Zot:1)
  A tengu reaver (Depths:3)
  A storm dragon (Zot:4)
  2 draconian monks
  A vault warden (Vaults:3)
  2 fire giants
  A draconian shifter (Zot:2)
  An iron dragon (Depths:4)
  A ghost moth (Zot:1)
  An orc warlord (Elf:1)
  3 ironbound preservers
  A caustic shrike skeleton (Crypt:2)
  A purple draconian (Zot:2)
  A deep elf death mage (Vaults:5)
  2 green draconians
  A yellow draconian (Zot:2)
  A white draconian (Zot:2)
  2 ettins
  2 fire dragons (Depths:3)
  An ice dragon (Zot:1)
  A vault guard (Vaults:4)
  2 anacondas (Snake:2)
  2 naga warriors
  A deep troll earth mage (Depths:4)
  An iron troll (Depths:1)
  2 hell knights
  A deep troll (Vaults:3)
  A naga ritualist (Snake:2)
  A mana viper (Snake:1)
  A phantasmal warrior (Vaults:4)
  2 sea snakes (Snake:1)
  An ironbound convoker (Vaults:5)
  5 orc knights
  A deep elf zephyrmancer (Elf:3)
  An ugly thing (Vaults:3)
  A black mamba (Snake:2)
  A tengu conjurer (Depths:4)
  2 trolls (Orc:1)
  A merfolk (shapeshifter) (Vaults:5)
  4 nagas
  A hell hound (Orc:2)
  10 orc warriors
  An ogre (Orc:1)
  An orc priest (Orc:2)
  An orc wizard (Orc:1)
  8 orcs
  A river rat zombie (Crypt:1)
98 creatures vanquished.

Vanquished Creatures (others)
  A dancing weapon (Depths:3)
  An occultist (Depths:2)
  A deep elf knight (Elf:2)
  A naga (Snake:4)
  6 foxfires
  344 fulminant prisms
354 creatures vanquished.

Grand Total: 2695 creatures vanquished

Notes
Turn   | Place    | Note
-------+----------+-------------------------------------------
     0 | D:1      | CrazyMind the Deep Elf Conjurer began the quest for the
                  | Orb.
     0 | D:1      | Reached XP level 1. HP: 10/10 MP: 6/6
   185 | D:1      | Reached XP level 2. HP: 15/15 MP: 5/8
   251 | D:1      | Learned a level 2 spell: Searing Ray
   260 | D:1      | Reached skill level 5 in Conjurations
   812 | D:1      | Reached XP level 3. HP: 18/19 MP: 5/9
  1303 | D:2      | Noticed Natasha
  1308 | D:2      | Killed Natasha
  1309 | D:2      | Reached XP level 4. HP: 24/24 MP: 5/11
  1415 | D:2      | Noticed Natasha
  1417 | D:2      | Killed Natasha
  1454 | D:2      | Noticed Natasha
  1459 | D:2      | Killed Natasha
  1925 | D:2      | Reached XP level 5. HP: 28/28 MP: 7/12
  2109 | D:2      | Found a runed translucent door.
  2110 | D:2      | Noticed Crazy Yiuf
  2339 | D:2      | Killed Crazy Yiuf
  2393 | D:3      | Learned a level 4 spell: Fulminant Prism
  2398 | D:3      | Learned a level 4 spell: Iskenderun's Mystic Blast
  2619 | D:3      | Reached skill level 4 in Spellcasting
  2757 | D:3      | Found a faded altar of an unknown god.
  3536 | D:3      | Reached XP level 6. HP: 33/33 MP: 8/14
  3668 | D:3      | Identified the amulet "Kyfest" {rC+ Regen+ Slay+2}
  4209 | D:4      | Found a broken altar of Ashenzari.
  4299 | D:4      | Reached skill level 5 in Stealth
  4299 | D:4      | Reached skill level 5 in Spellcasting
  4428 | D:4      | Noticed Sigmund
  4902 | D:4      | Found a glowing silver altar of Zin.
  4935 | D:4      | Found a hide-covered altar of Uskayaw.
  5071 | D:5      | Entered Level 5 of the Dungeon
  5082 | D:4      | Reached XP level 7. HP: 20/37 MP: 6/17
  5255 | D:5      | Found a sparkling altar of Nemelex Xobeh.
  5384 | D:5      | Reached skill level 6 in Spellcasting
  5386 | D:5      | Reached skill level 1 in Fighting
  5533 | D:5      | Found a staircase to the Ecumenical Temple.
  5539 | Temple   | Entered the Ecumenical Temple
  5602 | D:5      | Noticed Edmund
  5612 | D:5      | Noticed Pikel
  5754 | D:4      | Killed Sigmund
  5755 | D:4      | Reached XP level 8. HP: 43/43 MP: 13/20
  5863 | D:5      | Found a stormy altar of Qazlal.
  6023 | D:5      | Reached skill level 7 in Spellcasting
  6045 | D:5      | Killed Pikel
  6046 | D:5      | Reached skill level 1 in Shields
  6046 | D:5      | Reached skill level 8 in Spellcasting
  6120 | D:5      | Killed Edmund
  6312 | D:5      | Found Ocluezug's Jewellery Emporium.
  6468 | D:5      | Reached skill level 9 in Spellcasting
  6675 | D:6      | Found Wiuruzex's Book Boutique.
  6683 | D:6      | Reached XP level 9. HP: 24/47 MP: 15/24
  6879 | D:6      | Found Periygra's Magic Scroll Shoppe.
  6879 | D:6      | Found Coacet's Jewellery Shop.
  6886 | D:6      | Bought a scroll of identify for 28 gold pieces
  6895 | D:6      | Bought a scroll of noise for 14 gold pieces
  6895 | D:6      | Bought a scroll of teleportation for 42 gold pieces
  6895 | D:6      | Bought a scroll of fog for 56 gold pieces
  7073 | D:6      | Reached skill level 10 in Spellcasting
  7790 | D:7      | Reached skill level 1 in Translocations
  8439 | D:8      | Identified the +4 mace "Foirhet" {freeze, rCorr Str+4}
  8448 | D:8      | Found a flagged portal.
  8511 | Bailey   | Entered a bailey
  8705 | Bailey   | Reached skill level 10 in Conjurations
  8721 | Bailey   | Reached skill level 11 in Spellcasting
  8814 | Bailey   | Reached XP level 10. HP: 33/52 MP: 1/27
  8986 | Bailey   | Reached skill level 1 in Alchemy
  9077 | Bailey   | Found a bloodstained altar of Trog.
  9162 | D:8      | Found a basalt altar of Yredelemnul.
 10831 | D:9      | Found an ancient bone altar of Kikubaaqudgha.
 10842 | D:9      | Found an iron altar of Okawaru.
 11052 | D:9      | Reached skill level 12 in Spellcasting
 11264 | D:9      | Noticed a centaur warrior
 11293 | D:9      | Killed a centaur warrior
 11447 | D:10     | Entered Level 10 of the Dungeon
 11463 | D:10     | Noticed a death yak
 11533 | D:10     | Found a hazy altar of Hepliaklqana.
 11533 | D:10     | Found an opulent altar of Gozag.
 11538 | D:10     | Became a worshipper of Gozag Ym Sagoz the Greedy
 11762 | D:10     | Noticed a two-headed ogre
 12011 | D:10     | Noticed a gargoyle
 12019 | D:10     | Found a staircase to the Orcish Mines.
 12046 | D:10     | Killed a gargoyle
 12281 | D:10     | Reached skill level 5 in Dodging
 12493 | D:10     | Noticed a skeletal warrior
 12493 | D:10     | Noticed a centaur warrior
 12493 | D:10     | Noticed a cyan ugly thing
 12493 | D:10     | Noticed a two-headed ogre
 12573 | D:10     | Noticed a smoke demon
 12601 | D:10     | Noticed a two-headed ogre
 12619 | D:10     | Killed a two-headed ogre
 12620 | D:10     | Reached XP level 11. HP: 56/56 MP: 10/29
 12745 | D:10     | Noticed a death yak
 12769 | D:10     | Killed a death yak
 12770 | D:10     | Reached skill level 13 in Spellcasting
 12942 | D:10     | Noticed a seven-headed hydra
 13012 | D:10     | Noticed a death yak
 13012 | D:10     | Noticed a death yak
 13025 | D:10     | Noticed a death yak
 13038 | D:10     | Killed a death yak
 13137 | D:10     | Noticed a death yak
 13139 | D:10     | Noticed a death yak
 13170 | D:10     | Killed a death yak
 13322 | D:10     | Noticed a two-headed ogre
 13322 | D:10     | Noticed a death yak
 13358 | D:10     | Killed a two-headed ogre
 13706 | D:10     | Killed a centaur warrior
 13857 | D:10     | Identified the ring "Ycwergheck" {Str+3 Int+6}
 13857 | D:10     | Noticed a skeletal warrior
 13927 | D:10     | Found a staircase to the Lair.
 13972 | D:10     | Killed a death yak
 13973 | D:10     | Reached skill level 14 in Spellcasting
 14289 | D:6      | Bought a book of the Dragon for 462 gold pieces
 14649 | D:10     | Learned a level 5 spell: Fireball
 14676 | D:10     | Killed a skeletal warrior
 14902 | D:10     | Killed a death yak
 14903 | D:10     | Reached skill level 1 in Fire Magic
 15276 | D:9      | Killed a death yak
 15681 | D:9      | Killed a death yak
 15682 | D:9      | Reached skill level 5 in Shields
 15865 | D:10     | Killed a cyan ugly thing
 16016 | D:10     | Killed a death yak
 16341 | D:10     | Identified the ring of Xom's Condemnation {rN+ Str+3 Int+2
                  | Stlth-}
 16341 | D:10     | Noticed a tengu warrior
 16360 | D:10     | Killed a tengu warrior
 16361 | D:10     | Reached skill level 15 in Spellcasting
 16370 | D:10     | Reached XP level 12. HP: 61/61 MP: 11/33
 16684 | D:10     | Killed a two-headed ogre
 17188 | D:10     | Killed a two-headed ogre
 17474 | D:10     | Killed a seven-headed hydra
 17627 | D:10     | Identified the +5 hand axe "Kyhot" {pain, rF+}
 17744 | Lair:1   | Entered Level 1 of the Lair of Beasts
 17808 | Lair:1   | Noticed Fannar
 17994 | D:6      | Bought a scroll of identify for 28 gold pieces
 18510 | Lair:1   | Reached skill level 16 in Spellcasting
 18639 | D:10     | Killed Fannar
 18741 | D:6      | Bought a scroll of identify for 28 gold pieces
 18741 | D:6      | Bought a scroll of identify for 28 gold pieces
 19906 | Lair:1   | Learned a level 5 spell: Freezing Cloud
 19950 | Lair:1   | Reached skill level 1 in Air Magic
 19951 | Lair:1   | Reached XP level 13. HP: 66/66 MP: 10/35
 19957 | Lair:1   | Reached skill level 1 in Ice Magic
 20576 | Lair:2   | Found a dark tunnel.
 20585 | Volcano  | Entered a volcano
 20739 | Volcano  | Reached skill level 5 in Alchemy
 20889 | Volcano  | Reached skill level 17 in Spellcasting
 21119 | Volcano  | Reached skill level 5 in Fire Magic
 22397 | Lair:2   | Reached skill level 1 in Evocations
 22430 | Lair:2   | Reached skill level 18 in Spellcasting
 22577 | Lair:2   | Reached skill level 15 in Conjurations
 23532 | Lair:3   | Reached XP level 14. HP: 71/71 MP: 0/38
 24777 | Lair:3   | Found a staircase to the Swamp.
 25118 | Lair:3   | Found a staircase to the Snake Pit.
 26577 | D:6      | Bought a book of Cantrips for 176 gold pieces
 26579 | D:6      | Learned a level 1 spell: Apportation
 26882 | Lair:5   | Entered Level 5 of the Lair of Beasts
 27693 | Lair:4   | Reached skill level 5 in Air Magic
 27923 | Lair:4   | Reached skill level 19 in Spellcasting
 27925 | Lair:4   | Reached skill level 5 in Ice Magic
 28796 | Lair:5   | Found a viscous altar of Jiyva.
 28796 | Lair:5   | Found a staircase to the Slime Pits.
 30289 | D:11     | Noticed Nergalle
 30292 | D:11     | Killed Nergalle
 30633 | D:11     | Found Hesm's Magic Scroll Boutique.
 30641 | D:11     | Bought 3 scrolls of identify for 84 gold pieces
 30642 | D:11     | Identified a scroll of acquirement
 30646 | D:11     | Acquired the staff "Omaulyho" {rElec rC+ Int+3 Ice}
 30796 | D:11     | Identified the blade talisman "Zajyes" {Fly rF- Int+2
                  | Dex+4}
 31066 | D:11     | Noticed Erolcha
 31460 | D:11     | Noticed Erica
 31464 | D:11     | Killed Erica
 31468 | D:11     | Killed Erolcha
 31647 | D:12     | Found Mucvopp's Jewellery Emporium.
 32056 | D:12     | Reached XP level 15. HP: 76/76 MP: 22/40
 32921 | D:13     | Noticed Snorg
 32932 | D:13     | Killed Snorg
 33792 | D:13     | Found a bloodstained altar of Trog.
 33964 | D:13     | Reached skill level 20 in Spellcasting
 34598 | D:14     | Noticed Louise
 34680 | D:14     | Noticed Kirke
 34689 | D:14     | Killed Kirke
 34883 | D:14     | Found a gate to the Vaults.
 35583 | D:14     | Killed Louise
 36281 | D:15     | Entered Level 15 of the Dungeon
 38538 | D:15     | Found a staircase to the Depths.
 38829 | D:6      | Bought a book of Storms for 286 gold pieces
 38834 | D:6      | Learned a level 4 spell: Summon Lightning Spire
 38924 | Orc:1    | Entered Level 1 of the Orcish Mines
 39250 | Orc:1    | Found Ydghaexol's Antique Weapon Emporium.
 39703 | Orc:2    | Entered Level 2 of the Orcish Mines
 39717 | Orc:2    | Reached skill level 10 in Stealth
 39717 | Orc:2    | Noticed Jorgrun
 39789 | D:11     | Bought a scroll of blinking for 105 gold pieces
 39789 | D:11     | Bought a scroll of teleportation for 42 gold pieces
 39789 | D:11     | Bought a scroll of revelation for 105 gold pieces
 39789 | D:11     | Bought a scroll of fog for 56 gold pieces
 39914 | Orc:1    | Reached XP level 16. HP: 77/82 MP: 36/42
 39997 | Orc:2    | Noticed Nessos
 40002 | Orc:2    | Killed Nessos
 40011 | Orc:2    | Killed Jorgrun
 40012 | Orc:2    | Reached skill level 1 in Summonings
 40023 | Orc:2    | Found a flickering gateway to a bazaar.
 40032 | Bazaar   | Entered a bazaar
 40038 | Bazaar   | Found Kemoek's Jewellery Boutique.
 40060 | Bazaar   | Found Ekloes's General Store.
 40065 | Bazaar   | Bought a potion of magic for 56 gold pieces
 40065 | Bazaar   | Bought a scroll of fear for 28 gold pieces
 40065 | Bazaar   | Bought a potion of magic for 56 gold pieces
 40081 | Bazaar   | Found Apnuv's Book Boutique.
 40096 | Bazaar   | Found Errolunu's Antique Weapon Shoppe.
 40105 | Bazaar   | Bought an iridescent dagger for 231 gold pieces
 40105 | Bazaar   | Identified the +1 dagger of the Philosopher {flame, rElec
                  | rF+ Str-5 Dex+2} (You bought it in a shop in a bazaar)
 40155 | Bazaar   | Bought a book of Spatial Translocations for 342 gold pieces
 40155 | Bazaar   | Bought a Grand Grimoire for 646 gold pieces
 40155 | Bazaar   | Bought the Directory of the Impact for 380 gold pieces
 40158 | Bazaar   | Learned a level 2 spell: Blink
 40162 | Bazaar   | Learned a level 3 spell: Mephitic Cloud
 40448 | Orc:2    | Noticed Rupert
 40614 | Orc:2    | Killed Rupert
 40782 | Orc:2    | Found a shimmering altar of Xom.
 40838 | Orc:2    | Found Vaakanoa's Gadget Gallery.
 41079 | Orc:2    | Found a staircase to the Elven Halls.
 41288 | Orc:2    | Noticed Azrael
 41657 | Orc:2    | Azrael changed into Azrael the sun demon
 41657 | Orc:2    | Noticed Azrael
 41669 | Orc:2    | Killed Azrael the sun demon
 43171 | Orc:2    | Found Miriop's Antique Weapon Boutique.
 43174 | Orc:2    | Found Deloq's Book Boutique.
 43175 | Orc:2    | Found Xogh's Antique Armour Boutique.
 43176 | Orc:2    | Found Jiypsi's General Store.
 43184 | Orc:2    | Bought a scroll of acquirement for 728 gold pieces
 43185 | Orc:2    | Acquired the staff of Currency {rF+ Int+3 Fire}
 43190 | Orc:2    | Bought a pair of runed gloves for 165 gold pieces
 43500 | Snake:1  | Entered Level 1 of the Snake Pit
 43594 | Snake:1  | Found Kerph's Book Shop.
 43813 | Snake:1  | Found Xar Orol's Jewellery Emporium.
 43814 | Snake:1  | Found Unguroaw's Book Shop.
 44809 | Snake:1  | Reached skill level 5 in Fighting
 46063 | Snake:2  | Found Tanim's Armour Shoppe.
 46067 | Snake:2  | Found Epefue's Distillery.
 46068 | Snake:2  | Found Puidda's Armour Shoppe.
 46073 | Snake:2  | Bought a potion of experience for 650 gold pieces
 46073 | Snake:2  | Reached skill level 21 in Spellcasting
 46073 | Snake:2  | Reached skill level 5 in Translocations
 46073 | Snake:2  | Reached XP level 17. HP: 92/92 MP: 42/44
 46089 | Snake:2  | Found Mabroufe's Assorted Antiques.
 47103 | Snake:2  | Found an ornate altar of the Wu Jian Council.
 48747 | Snake:3  | Reached skill level 5 in Summonings
 48907 | Snake:3  | Reached XP level 18. HP: 98/98 MP: 26/45
 49271 | Snake:3  | Found Leodgh's Tremendous Tomes.
 50118 | Snake:4  | Entered Level 4 of the Snake Pit
 52152 | Snake:4  | Reached skill level 10 in Dodging
 55754 | Snake:4  | Noticed Vashnia
 55990 | Swamp:1  | Entered Level 1 of the Swamp
 56010 | Swamp:1  | Identified the +0 pair of gloves "Ciagrotu" {rN+}
 56010 | Swamp:1  | Noticed Nikola
 56345 | Lair:3   | Killed Nikola
 57584 | Swamp:1  | Identified the serpent talisman of Proximity {rF+ Str+4}
 57584 | Swamp:1  | Noticed Aizul
 57584 | Swamp:1  | Noticed Roxanne
 57695 | Lair:3   | Acquired the staff of the Red Skies {rF+ rC+ rCorr Dex+2
                  | Tloc Fire}
 57797 | Lair:1   | Bought a ring of willpower for 275 gold pieces
 57900 | Swamp:1  | Killed Aizul
 58820 | Swamp:2  | Reached skill level 22 in Spellcasting
 58978 | Swamp:3  | Noticed Donald
 59161 | Swamp:3  | Reached XP level 19. HP: 105/105 MP: 6/47
 59300 | Swamp:3  | Reached skill level 1 in Armour
 59410 | Swamp:3  | Killed Donald
 59411 | Swamp:3  | Reached skill level 10 in Shields
 60288 | Swamp:4  | Entered Level 4 of the Swamp
 62255 | Swamp:4  | Got a decaying rune of Zot
 62801 | Snake:4  | Killed Vashnia
 62827 | Snake:4  | Got a serpentine rune of Zot
 63367 | Elf:1    | Entered Level 1 of the Elven Halls
 63496 | Vaults:1 | Entered Level 1 of the Vaults
 64104 | Orc:2    | Learned a level 4 spell: Airstrike
 65323 | Elf:1    | Found Owimacaxa's Antique Weapon Shoppe.
 65351 | Elf:1    | Reached skill level 10 in Fire Magic
 67909 | Elf:2    | Found a shimmering blue altar of Sif Muna.
 68107 | Elf:2    | Identified the +1 leather armour of Dice, Bag, and Bottle
                  | {Harm Will+}
 68626 | Elf:2    | Reached XP level 20. HP: 112/112 MP: 32/48
 68990 | Elf:2    | Found a runed translucent door.
 69014 | Elf:2    | Found a runed translucent door.
 69184 | Elf:2    | Learned a level 3 spell: Swiftness
 69731 | Elf:2    | Reached skill level 23 in Spellcasting
 70297 | Elf:3    | Entered Level 3 of the Elven Halls
 72367 | Elf:3    | Identified the +10 flail of Xom's Pride {pain, Dex+3}
 72397 | Elf:3    | Identified the +1 battleaxe of the Wilderness {venom, rPois
                  | Will+ MP+9 Dex-5}
 72512 | Elf:3    | Identified the +8 spear of Zuhihogirch {flame, Will+ Dex+3}
 72606 | Elf:3    | Identified the +2 robe of the Dice {Harm rCorr Dex+3}
 72805 | Elf:3    | Identified the +5 plate armour "Rewog" {rPois rCorr Str+3}
 72832 | Elf:3    | Reached skill level 5 in Armour
 72957 | Elf:3    | Identified the ring "Kuluc" {rPois Will- Int+4 Dex+6 SInv}
 73088 | Elf:3    | Identified the +0 dire flail of Corpus Delicti {spect,
                  | ^Contam Fly Int+7}
 73088 | Elf:3    | Found the ring of the Octopus King {HP+2 AC+2 EV+2 SH+2
                  | SInv}
 73095 | Elf:3    | Identified the +4 morningstar "Vaoriyrapt" {holy, Str+3}
 73292 | Elf:3    | Found Gaeklog's Jewellery Shop.
 74482 | Elf:3    | Got Ikhliuvae's Exposition on Lethal Grit
 74500 | Elf:3    | Got the Cyclopedia of Nonlocality
 74876 | Swamp:1  | Killed Roxanne
 75449 | Vaults:1 | Learned a level 5 spell: Yara's Violent Unravelling
 75626 | Vaults:1 | Reached skill level 1 in Hexes
 75872 | Vaults:1 | Found a runed translucent door.
 75872 | Vaults:1 | Noticed AlexRAT's ghost (adept MiBe)
 77454 | Snake:3  | Bought the Elucidation of Ensorcelling and Incandescence
                  | for 1260 gold pieces
 77461 | Snake:3  | Learned a level 6 spell: Plasma Beam
 78058 | Vaults:1 | Reached XP level 21. HP: 120/120 MP: 28/50
 78972 | Vaults:1 | Acquired a book of Annihilations
 80822 | Vaults:2 | Reached skill level 24 in Spellcasting
 82564 | Vaults:3 | Found a staircase to the Crypt.
 83094 | Snake:2  | Bought a runed leather armour for 205 gold pieces
 84611 | Vaults:3 | Reached skill level 5 in Hexes
 86082 | Vaults:4 | Reached skill level 10 in Air Magic
 86303 | Vaults:4 | Reached XP level 22. HP: 127/127 MP: 41/52
 87270 | Vaults:4 | Noticed Sojobo
 87431 | Vaults:4 | Killed Sojobo
 87711 | Depths:1 | Entered Level 1 of the Depths
 88046 | Depths:1 | Found a gateway to Hell.
 88051 | Depths:1 | Reached skill level 10 in Fighting
 88436 | Depths:1 | Found a blossoming altar of Fedhas.
 90304 | Depths:2 | Noticed Asterion
 90432 | Depths:2 | Found Has Ukle's Antique Weapon Emporium.
 92733 | Depths:2 | Found a one-way gate leading to the halls of Pandemonium.
 92907 | Depths:2 | Killed Asterion
 92908 | Depths:2 | Reached skill level 25 in Spellcasting
 92908 | Depths:2 | Reached skill level 15 in Fire Magic
 94839 | Depths:3 | Noticed the Enchantress
 94843 | Depths:3 | Identified the orb "Nystrown" {light, rElec Will+ Regen+
                  | MP+9}
 94843 | Depths:3 | Noticed Frederick
 94939 | Depths:3 | Reached XP level 23. HP: 133/133 MP: 41/54
 95364 | Depths:3 | Identified the +6 lajatang of Putrescence {speed, Will+}
 95381 | Depths:3 | Killed the Enchantress
 95383 | Depths:3 | Reached skill level 15 in Dodging
 95629 | Depths:3 | Killed Frederick
 96161 | Depths:3 | Found a corrupted altar of Lugonu.
 96161 | Depths:3 | Found a one-way gate to the infinite horrors of the Abyss.
 96660 | Depths:3 | Noticed Mennas
 98067 | Crypt:1  | Entered Level 1 of the Crypt
100142 | Crypt:1  | Found a basalt altar of Yredelemnul.
101501 | Crypt:2  | Noticed Grunn
101511 | Crypt:2  | Killed Grunn
101879 | Crypt:3  | Entered Level 3 of the Crypt
103614 | Crypt:3  | Reached XP level 24. HP: 138/140 MP: 19/54
105006 | Crypt:3  | Reached skill level 26 in Spellcasting
106263 | Crypt:3  | Found an ancient bone altar of Kikubaaqudgha.
106267 | Crypt:3  | Found a basalt altar of Yredelemnul.
106269 | Crypt:3  | Found the +8 Vampire's Tooth {megavamp}
106277 | Crypt:3  | Identified the +2 robe of Valour {rF+}
106281 | Crypt:3  | Got the Excursus on Snowy Unholy Rituals
106468 | Crypt:3  | Found a basalt altar of Yredelemnul.
106576 | Crypt:3  | Found a staircase to the Tomb.
107262 | Snake:1  | Bought a book of Dangerous Friends for 840 gold pieces
107270 | Snake:1  | Learned a level 7 spell: Spellforged Servitor
107978 | Depths:3 | Found .
108239 | Depths:2 | Learned a level 8 spell: Ignition
108765 | Vaults:5 | Entered Level 5 of the Vaults
108765 | Vaults:5 | Noticed Mara
108775 | Vaults:5 | Noticed a dread lich
108780 | Vaults:5 | Noticed CrazyMind's illusion
108781 | Vaults:5 | Killed Mara
108791 | Vaults:5 | Noticed Margery
108797 | Vaults:4 | Killed a dread lich
109152 | Vaults:4 | Killed Margery
109270 | Vaults:5 | Noticed an ancient lich
109582 | Vaults:5 | Killed an ancient lich
110439 | Vaults:5 | Noticed an ancient lich
110607 | Vaults:5 | Killed an ancient lich
111176 | Vaults:5 | Identified the +0 pair of gloves of Xom's Outrage {Harm
                  | rN++ Dex+3 Stlth-}
111184 | Vaults:5 | Identified the +2 pair of gloves "Piorem" {Rampage Str+5}
111209 | Vaults:5 | Identified the +0 chain mail of Wiuvvyde {rN+ Will+}
111363 | Vaults:5 | Identified the ring of Raelim {rPois rC+}
111928 | Vaults:5 | Reached XP level 25. HP: 147/147 MP: 43/55
112123 | Vaults:5 | Got a silver rune of Zot
112359 | Vaults:5 | Identified the +7 great sword of the Bashing Gods {chaos,
                  | rN++ Will- rCorr Str+3}
112367 | Vaults:5 | Identified the +8 chain mail of the Mantidfly {rElec rF+}
113052 | Vaults:5 | Noticed Jory
113060 | Vaults:5 | Killed Jory
113806 | Vaults:5 | Identified the amulet "Budul" {Faith Rampage rPois Str+3}
114012 | Vaults:5 | Identified the +1 chain mail of the Hippogriff {+Inv rElec
                  | Dex+4}
114363 | Depths:3 | Killed Mennas
115551 | Depths:4 | Entered Level 4 of the Depths
115919 | Depths:4 | Reached skill level 27 in Spellcasting
116416 | Depths:4 | Found a gate to the Realm of Zot.
117122 | Depths:4 | Identified the +2 leather armour of the Farmer {+Inv rElec
                  | rF- Dex-3}
117149 | Depths:4 | Found a one-way gateway to a ziggurat.
117270 | Depths:4 | Found Goleraegg's General Store.
117345 | Depths:4 | Identified the +2 pair of boots "Ixu Vohu" {Harm Rampage
                  | rElec}
118049 | Depths:4 | Reached skill level 10 in Armour
118229 | Zot:1    | Entered Level 1 of the Realm of Zot
118542 | Zot:1    | Found a transporter.
120160 | Zot:1    | Learned a level 6 spell: Summon Cactus Giant
120272 | Zot:1    | Got the Monograph on the Damned and the Ouroboros
121727 | Zot:2    | Reached XP level 26. HP: 142/154 MP: 14/56
122249 | Zot:2    | Learned a level 7 spell: Orb of Destruction
122285 | Zot:2    | Identified the +5 scale mail "Bicaohuc" {rN+}
124107 | Zot:3    | Noticed an ancient lich
124634 | Zot:2    | Killed an ancient lich
127981 | Zot:3    | Noticed an orb of fire
127998 | Zot:3    | Killed an orb of fire
128696 | Zot:4    | Found the +4 dragonskin cloak
128696 | Zot:4    | Noticed Tiamat
129377 | Zot:4    | Killed Tiamat
130721 | Zot:4    | Noticed Vv
130938 | Zot:4    | Reached XP level 27. HP: 134/160 MP: 39/56
131033 | Zot:4    | Found a transporter.
131059 | Zot:4    | Found a transporter.
131122 | Zot:4    | Reached skill level 15 in Air Magic
131669 | Zot:1    | Learned a level 8 spell: Maxwell's Capacitive Coupling
131878 | Zot:4    | Killed Vv
132063 | Zot:5    | Entered Level 5 of the Realm of Zot
132852 | Zot:5    | Identified the +2 scimitar "Boudarit" {flame, Will+ Str-3
                  | Stlth+}
133417 | Zot:5    | Noticed an orb of fire
133444 | Zot:5    | Killed an orb of fire
133569 | Zot:5    | Noticed an orb of fire
133571 | Zot:5    | Identified the +1 flail of Causality {speed, *Rage rElec
                  | rCorr Int-5}
133573 | Zot:5    | Gained mutation: You sometimes lose your temper in combat.
                  | [an orb of fire]
133574 | Zot:5    | Gained mutation: Your body sometimes deteriorates upon
                  | taking damage. [an orb of fire]
133588 | Zot:5    | Gained mutation: Armour fits poorly on your strangely
                  | shaped body. [an orb of fire]
133590 | Zot:5    | Gained mutation: Your body often deteriorates upon taking
                  | damage. [an orb of fire]
133595 | Zot:5    | Killed an orb of fire
133675 | Zot:5    | Noticed an orb of fire
133676 | Zot:5    | Gained mutation: You have an uncontrollable temper. [an orb
                  | of fire]
133680 | Zot:5    | Killed an orb of fire
133835 | Zot:5    | Noticed a dread lich
133839 | Zot:5    | Noticed an ancient lich
133844 | Zot:5    | Killed a dread lich
133864 | Zot:5    | Killed from afar by an ancient lich

Illustrated notes

Levels and vault maps discovered:
D:1:      psy_arrival_spokes, layout_basic, minmay_rat_gold_closets
D:2:      layout_loops_corners, minmay_misc_feat_rugged, hex_tiny,
          uniq_crazy_yiuf_cottage, uniq_natasha
D:3:      minmay_octagon_keep, layout_loops_ring, basic_ecumenical_altar,
          minmay_fountain_box, skrybe_limestone_x, minmay_circle_x
D:4:      layout_basic, nicolae_ashenzari_panopticon,
          mainiacjoe_overflow_two_lobes, uniq_sigmund
D:5:      layout_cave_pools, mainiacjoe_overflow_chevrons,
          mainiacjoe_overflow_brackets, minmay_temple_entry_nine_rooms,
          serial_shops, kennysheep_mini, uniq_edmund, uniq_pikel
D:6:      layout_rooms, nicolae_wooded_promenade,
          amcnicky_mini_rare_corridor_liquid, hangedman_abyss_or_decor_stabs,
          kennysheep_donut
D:7:      layout_rooms
D:8:      layout_basic, nicolae_overflow_hidden_temple, enter_bailey_2
D:9:      layout_irregular_city, mainiacjoe_overflow_surrounded_room,
          mainiacjoe_overflow_tiny_flanked, roderic_batcave, minmay_microvault
D:10:     minmay_the_grid_triangle_9x9_recursive_2
          [minmay_the_grid_triangle_9x9_prize_schism,
          minmay_the_grid_triangle_9x9_swiss_cheese,
          minmay_the_grid_triangle_9x9_thin_v,
          minmay_the_grid_triangle_9x9_descending_squares], layout_loops_ring,
          nicolae_overflow_two_pavilions, dpeg_lair_monsters,
          minmay_orc_entry_temple_small
D:11:     layout_stronghold, serial_shops, shop, uniq_erica, uniq_erolcha,
          uniq_nergalle
D:12:     layout_roguey, serial_shops, nicolae_shop_advertising_works
          [nicolae_subvault_shop_adworks]
D:13:     layout_irregular_city, trog_butcher_becter, uniq_snorg
D:14:     layout_loops_cross, erik_vaults_1, chequers_arboretum, uniq_kirke,
          uniq_louise
D:15:     gammafunk_enter_depths_forms, layout_long_grid, minmay_misc_feat_x,
          einodemon_barbed_minivault
Temple:   nicolae_temple_hex_pool
Lair:1:   layout_misc_corridors, nicolae_quartered_pool_super,
          beast_lair_carwin_11, grunt_megastairs_1, lemuel_fruit_tree,
          uniq_fannar
Lair:2:   layout_regular_city, nicolae_volcano_entry_hallway,
          dreamdust_mushroom_princess, dreamdust_gnoll_shepherd
Lair:3:   layout_big_grid, minmay_swamp_entry_swarm, nicolae_snake_entry_squirm,
          grunt_megastairs_3, infiniplex_staircase_pool, serial_bayou_shore_b
Lair:4:   layout_misc_corridors
Lair:5:   minmay_lair_end_frog_pond, layout_gridlike,
          nicolae_slime_entry_field_trip, st_stairs_6, serial_bayou_shore_b
Swamp:1:  nicolae_swamp_standing_stones, layout_basic_swamp,
          nicolae_swamp_dense_foliage, uniq_aizul, uniq_roxanne, uniq_nikola
Swamp:2:  layout_falls_marsh, evilmike_swamp_ruin_wall
Swamp:3:  layout_falls_marsh, serial_swamp_ruin, evilmike_swamp_ruin_rubble_1,
          evilmike_swamp_ruin_house_5, uniq_donald
Swamp:4:  swamp, layout_basic_swamp
Snake:1:  layout_basic, serial_bayou_shore_b, minmay_shop_grove,
          serial_bayou_shore_a, nicolae_triple_integral
Snake:2:  layout_misc_corridors, serial_shops, shop, basic_altar,
          minmay_shop_star
Snake:3:  layout_misc_corridors, nicolae_shop_i_like_big_books,
          hangedman_snake_corridor_cut, grunt_megastairs_5
Snake:4:  grunt_snake_rune_serpentine_throne, layout_misc_corridors
Orc:1:    layout_diamond_mine, serial_shops, nicolae_shop_peninsula
Orc:2:    st_orc_pillars, layout_caves, serial_shops, bzr_entry_water,
          basic_altar, nicolae_shop_gadgets, uniq_rupert, uniq_jorgrun,
          uniq_nessos, uniq_azrael
Elf:1:    nicolae_elf_arrival_no_cutting_in_line, layout_loops_corners,
          special_room [special_room_orc], serial_shops,
          nicolae_shop_getting_attention, kennysheep_underground_church,
          nicolae_elf_m_pinch, minivault_23, minmay_misc_feat_columns
Elf:2:    nicolae_elf_blades_splatter_lattice
          [nicolae_blade_entry_splitting_headache], layout_geoelf_octagon,
          basic_altar
Elf:3:    minmay_elf_hall_statues, layout_onion_city, mu_enter_wizlab_3,
          serial_shops, shop_fountains
Vaults:1: hellmonk_ghost_big_iron, nicolae_vaults_back_hallway, v_alt_pattern_1,
          nicolae_vaults_little_squares_2, vaults_room_fancy_cross,
          vaults_dpeg_ring, nicolae_vaults_diagonal_hallway_7,
          nicolae_vaults_closet_pinwheel_4, layout_vaults_big_room
Vaults:2: v_misc_4, nicolae_vaults_closet_pinwheel_2, st_hourglassy,
          vaults_standard_mumra_enter_the_diamond,
          vaults_mumra_minichess_inversion, nicolae_vaults_little_ls, v_misc_27,
          layout_vaults_quadrants
Vaults:3: ontoclasm_vaults_pinch, vaults_standard_mumra_enter_the_diamond,
          blue_anna_dwarven_crypt, nicolae_vaults_meeting,
          nicolae_vaults_trapezoid_2, nicolae_vaults_trapezoid_2,
          hangedman_vaults_snaps, nicolae_vaults_swerve, v_misc_9,
          nicolae_vaults_border_crossing, nicolae_vaults_double_plus_1,
          nicolae_vaults_theta, vaults_dpeg_hooks, layout_vaults_omnicross
Vaults:4: nicolae_vaults_house_2, nicolae_vaults_offset_grid_hallway_4,
          v_misc_26, v_misc_9, v_alt_pattern_2, nicolae_vaults_little_squares_6,
          nicolae_vaults_offset_grid_hallway_4, v_alt_pattern_2,
          hangedman_vaults_locks, nicolae_vaults_house_1,
          nicolae_vaults_tetromino_Z_1, layout_vaults_maze_bifur, uniq_sojobo
Vaults:5: uniq_mara, uniq_margery, uniq_jory
Crypt:1:  layout_chaotic_city, lemuel_statue_altar, nicolae_crypt_reliquary_box,
          nicolae_crypt_skeletal_stairs, grunt_crypt_arrival_guarded_gate
Crypt:2:  layout_chaotic_city, nicolae_crypt_paired_memorials,
          roderic_lattice_octagonal_star, uniq_grunn
Crypt:3:  lightli_unholy_cathedral, layout_chaotic_city,
          nicolae_tomb_entry_unfolded_pyramid_orthogonal, basic_altar,
          minivault_4, weyrava_ghost_lake
Depths:1: nicolae_cairo_tiling, layout_basic, hell_entry, fedhas_altar_4,
          minmay_misc_feat_cross, st_stairs_9, kennysheep_generic_room_14
Depths:2: nzn_winding_woodlands_small [nzn_winding_woodlands_5x15_longhouse,
          nzn_winding_woodlands_center_pierced_h,
          nzn_winding_woodlands_5x15_river_crossing], layout_cave_shapes,
          hell_entry, grunt_pan_entry_in_and_out, serial_shops,
          nicolae_shop_dealshenge, serial_column_ruins, column_ruins_hut_ruined,
          column_ruins_open_tiny, column_ruins_open_small,
          column_ruins_open_small, column_ruins_open_medium,
          column_ruins_open_medium, column_ruins_open_small, uniq_asterion
Depths:3: regret_index_qazlal_generations, layout_gridlike, lightli_too_deep,
          serial_sigils, serial_sigils_hangedman_quiver,
          serial_sigils_hangedman_leer, serial_sigils_hangedman_shear,
          serial_sigils_hangedman_scratch, serial_sigils_hangedman_writhe,
          abyss_entry_flame_altar, uniq_frederick, uniq_mennas, uniq_enchantress
Depths:4: grunt_zot_entry_tricorne, layout_gridlike, enter_ziggurat_d,
          rand_demon_pan_entry_1, hell_entry, serial_shops, shop,
          minmay_strange_pillars
Zot:1:    regret_index_all_hallows'_manor, layout_basic, nicolae_diode_stairs
Zot:2:    layout_misc_corridors, regret_index_zotdec_serpentine_scales
Zot:3:    ebering_greatest_show_in_zot, layout_cellular_growth,
          hangedman_zot_decor_scrapings
Zot:4:    gammafunk_sealed_arena, layout_gridville, uniq_vv, uniq_tiamat
Zot:5:    layout_cathedral_of_symmetry

Skill      XL: |  1  2  3  4  5  6  7  8  9 10 11 12 13 14 15 16 17 18 19 20 21 22 23 24 25 26 27 |
---------------+----------------------------------------------------------------------------------+-----
Conjurations   | 5 6 7 8 10 11 13 14 15 16 17 18 19 | 19.7
Stealth        | 4 5 6 7 8 10 11 12 | 12.6
Spellcasting   | 4 5 6 9 11 12 15 16 18 19 20 21 22 23 24 25 26 27 | 27.0
Dodging        | 3 4 5 6 7 9 10 11 12 13 14 15 16 17 18 | 18.6
Fighting       | 1 2 4 5 7 8 9 10 11 12 13 | 13.4
Shields        | 1 2 4 5 6 7 8 9 10 11 12 13 14 | 14.8
Translocations | 1 2 3 4 5 6 7 8 |  8.5
Alchemy        | 2 4 5 6 |  6.4
Fire Magic     | 2 4 5 6 7 8 10 12 13 15 16 17 19 21 | 21.4
Air Magic      | 1 3 5 6 7 8 9 10 11 12 13 14 16 | 16.3
Ice Magic      | 3 5 6 7 9 |  9.3
Evocations     | 1 |  1.4
Summonings     | 3 5 6 7 8 9 |  9.8
Armour         | 3 5 6 7 8 9 10 11 | 11.2
Hexes          | 2 5 |  5.1

Action                     |  1- 3 |  4- 6 |  7- 9 | 10-12 | 13-15 | 16-18 | 19-21 | 22-24 | 25-27 || total
---------------------------+-------+-------+-------+-------+-------+-------+-------+-------+-------++-------
  Melee: Unarmed           |     1 |       |       |       |       |       |       |       |       ||     1
         Club              |     7 |    13 |       |       |       |       |       |       |       ||    20
         Dagger            |       |     2 |     5 |       |       |       |       |       |       ||     7
         Staff             |       |       |       |     5 |    17 |     4 |    22 |     3 |    27 ||    78
  Throw: Dart              |       |       |     7 |     9 |     3 |       |     4 |       |     3 ||    26
         Boomerang         |       |       |     3 |       |       |       |       |       |     1 ||     4
   Cast: Magic Dart        |    27 |     5 |    25 |    17 |     2 |       |     1 |       |       ||    77
         Searing Ray       |    18 |    54 |    66 |    27 |    10 |       |     5 |     4 |     1 ||   185
         Iskenderun's Myst |       |       |     5 |    75 |    95 |    86 |    91 |    60 |    27 ||   439
         Fulminant Prism   |       |       |    18 |   147 |   116 |    24 |    35 |     3 |     2 ||   345
         Fireball          |       |       |       |    47 |   166 |   186 |   551 |   118 |    15 ||  1083
         Freezing Cloud    |       |       |       |       |   170 |   316 |    65 |    25 |    27 ||   603
         Apportation       |       |       |       |       |     1 |       |       |       |     1 ||     2
         Summon Lightning  |       |       |       |       |     8 |    35 |    25 |    15 |    13 ||    96
         Blink             |       |       |       |       |       |     4 |     7 |     8 |    22 ||    41
         Airstrike         |       |       |       |       |       |       |    94 |     8 |     4 ||   106
         Mephitic Cloud    |       |       |       |       |       |       |     1 |       |       ||     1
         Plasma Beam       |       |       |       |       |       |       |    60 |   623 |   369 ||  1052
         Yara's Violent Un |       |       |       |       |       |       |     1 |     9 |     1 ||    11
         Swiftness         |       |       |       |       |       |       |       |     1 |       ||     1
         Ignition          |       |       |       |       |       |       |       |    27 |    30 ||    57
         Spellforged Servi |       |       |       |       |       |       |       |    10 |    38 ||    48
         Summon Cactus Gia |       |       |       |       |       |       |       |       |    15 ||    15
         Orb of Destructio |       |       |       |       |       |       |       |       |    85 ||    85
         Maxwell's Capacit |       |       |       |       |       |       |       |       |    33 ||    33
 Invoke: Call Merchant     |       |       |       |       |     1 |       |       |       |       ||     1
         Potion Petition   |       |       |       |       |       |     3 |     1 |     7 |    10 ||    21
         Bribe Branch      |       |       |       |       |       |       |       |       |     1 ||     1
  Evoke: Wand              |       |       |     2 |     5 |     3 |     1 |       |       |     5 ||    16
         Box of beasts     |       |       |       |       |     1 |       |       |     1 |     1 ||     3
         Phial of floods   |       |       |       |       |       |       |       |     1 |     1 ||     2
         Lightning rod     |       |       |       |       |       |       |       |       |     3 ||     3
    Use: Potion            |       |       |     1 |     1 |     4 |     5 |     4 |     7 |     5 ||    27
         Scroll            |       |       |     7 |     7 |    18 |     7 |     3 |     4 |     8 ||    54
   Stab: Sleeping          |     7 |    10 |     3 |       |       |       |       |       |       ||    20
         Distracted        |       |       |     1 |       |       |       |     1 |       |       ||     2
 Armour: Robe              |    12 |    24 |    38 |    87 |    76 |   160 |    65 |       |       ||   462
         Leather armour    |       |       |       |       |       |       |    71 |   192 |   335 ||   598
  Dodge: Dodged            |    15 |    38 |    81 |    85 |    86 |    72 |    88 |   123 |   190 ||   778
  Block: Other             |       |     7 |    19 |     2 |       |       |       |       |       ||    28
         Reflection        |       |       |     3 |    10 |     9 |    39 |    65 |    13 |     5 ||   144
         Buckler           |       |       |       |    45 |    51 |    60 |       |       |       ||   156
         Kite shield       |       |       |       |       |     4 |    20 |   129 |   160 |   165 ||   478
